Map: Ascension to Aiur LE

Players

Lambo - Winner!

  • Race: Zerg Zerg
  • League: Master
  • Spawn Location: 5:00

sLivko

  • Race: Zerg Zerg
  • League: Grandmaster
  • Spawn Location: 11:00

Event: WESG Barcelona European Finals 2017

VOD

Have the link to the VOD?

Description

Time

  • Played on: Nov. 24, 2017, 11:09 a.m.
  • Length: 15:59

All games in this series

Show
View Real Time Build Order
Export as new Build Order

Lambo Zerg - Winner!

Build Orders: Hatch First, Lurkers 

Get SALT Encoding   

  12  0:00  Drone  
  13  0:12  Overlord  
  13  0:17  Drone  
  14  0:31  Drone x2  
  14  0:34  Drone  
  17  0:51  Hatchery  
  17  0:54  Drone  
  17  0:58  Drone  
  18  1:08  Extractor  
  17  1:12  Spawning Pool  
  17  1:14  Drone  
  17  1:18  Drone  
  18  1:29  Drone  
  19  1:41  Overlord  
  19  1:49  Drone  
  20  1:59  Queen  
  20  2:00  Zergling x2  
  23  2:02  Queen  
  23  2:03  Zergling x2  
  26  2:09  Metabolic Boost  
  26  2:11  Drone  
  26  2:13  Drone  
  28  2:22  Drone  
  29  2:24  Drone  
  30  2:36  Drone, Hatchery  
  30  2:43  Baneling Nest  
  29  2:45  Drone  
  29  2:50  Overlord  
  30  2:52  Drone  
  30  2:57  Zergling x2  
  32  3:00  Drone  
  32  3:04  Drone  
  34  3:07  Drone  
  34  3:11  Drone x2  
  36  3:15  Drone x3  
  39  3:20  Overlord  
  39  3:22  Drone  
  39  3:25  Zergling x2  
  40  3:34  Drone  
  40  3:39  Drone  
  40  3:40  Queen  
  44  3:41  Evolution Chamber  
  44  3:42  Drone  
  44  3:43  Drone x2  
  44  3:45  Drone x2  
  44  3:48  Drone  
  49  3:52  Drone x2  
  49  3:53  Extractor  
  50  3:56  Overlord  
  50  3:58  Drone  
  50  3:59  Baneling x2  
  50  4:00  Baneling  
  50  4:01  Zergling x2  
  52  4:07  Zergling x4, Extractor  
  53  4:11  Zerg Missile Weapons Level 1  
  53  4:16  Zergling x6  
  55  4:21  Spore Crawler  
  55  4:23  Drone x3  
  58  4:26  Lair  
  58  4:32  Drone x3, Roach Warren  
  58  4:35  Drone x2  
  58  4:37  Drone  
  63  4:41  Drone x2  
  65  4:47  Drone  
  65  4:53  Zergling x2  
  65  4:54  Zergling x2  
  65  5:00  Overlord  
  65  5:04  Overlord  
  65  5:11  Drone  
  65  5:16  Drone x2  
  65  5:17  Overlord  
  65  5:19  Extractor  
  65  5:20  Drone x2  
  65  5:21  Drone x3  
  67  5:24  Drone x2  
  67  5:26  Glial Reconstitution  
  67  5:27  Drone  
  71  5:30  Roach  
  71  5:31  Roach x3  
  71  5:33  Drone x2  
  81  5:37  Hatchery  
  81  5:40  Roach x2  
  81  5:41  Roach x3, Extractor x2  
  89  5:45  Spine Crawler, Roach  
  89  5:49  Overlord  
  90  5:51  Overlord  
  90  5:56  Baneling  
  91  5:57  Overlord  
  91  5:58  Overlord  
  91  6:00  Overlord  
  91  6:01  Overlord  
  90  6:04  Overlord  
  90  6:10  Drone x3  
  90  6:11  Drone, Extractor  
  93  6:12  Drone  
  93  6:13  Roach x3  
  93  6:14  Overseer  
  93  6:15  Hatchery  
  93  6:17  Zerg Missile Weapons Level 2  
  100  6:20  Hydralisk Den  
  100  6:22  Drone  
  100  6:24  Drone  
  101  6:26  Roach  
  101  6:31  Roach x4  
  111  6:33  Pneumatized Carapace  
  111  6:39  Roach x3  
  117  6:46  Roach x4  
  117  6:47  Roach  
  127  6:53  Roach x2  
  131  6:54  Lurker Den  
  130  7:03  Drone, Infestation Pit  
  130  7:04  Roach x4  
  138  7:10  Drone x3  
  138  7:12  Roach x2  
  145  7:17  Overlord  
  143  7:27  Roach, Overlord  
  143  7:30  Overlord  
  143  7:35  Drone x2  
  143  7:36  Drone  
  140  7:38  Hydralisk  
  140  7:39  Hydralisk x3  
  140  7:41  Hydralisk x2, Hive  
  140  7:42  Hydralisk  
  152  7:44  Extractor  
  152  7:48  Hydralisk x2  
  152  7:49  Extractor  
  154  7:52  Hydralisk x2  
  154  7:56  Drone x3  
  161  7:59  Drone x3  
  161  8:03  Queen  
  166  8:12  Muscular Augments  
  166  8:18  Spine Crawler, Overlord  
  165  8:21  Overlord  
  165  8:25  Overlord  
  165  8:26  Overlord  
  165  8:29  Lurker  
  165  8:30  Lurker x2  
  169  8:41  Lurker x3  
  169  8:42  Lurker  
  169  8:47  Roach x10  
  192  8:55  Adaptive Talons  
  190  9:08  Hydralisk x2  
  190  9:09  Hydralisk  
  186  9:11  Zerg Missile Weapons Level 3  
  186  9:16  Hydralisk x3  
  190  9:20  Overlord  
  190  9:23  Overlord  
  190  9:24  Hatchery  
  190  9:28  Overseer  
  185  9:32  Viper  
  186  9:41  Viper  
  189  9:46  Viper  
  189  9:51  Extractor  
  191  9:53  Extractor  
  191  9:54  Drone x2  
  191  9:55  Drone x4  
  191  9:59  Evolution Chamber  
  195  10:00  Evolution Chamber  
  194  10:16  Viper  
  197  10:22  Spire  
  188  10:32  Overseer x2  
  185  10:36  Spine Crawler  
  185  10:37  Spine Crawler  
  185  10:38  Spine Crawler  
  185  10:39  Spine Crawler  
  185  10:40  Hydralisk x4, Drone  
  185  10:41  Spine Crawler  
  185  10:42  Lurker x2  
  191  10:53  Unknown  
  191  10:54  Hydralisk x3, Unknown x3  
  197  11:12  Hydralisk x3  
  197  11:16  Hydralisk x15  
  185  11:19  Hydralisk  
  185  11:20  Roach x8  
  185  11:21  Roach x2  
  175  11:27  Drone  
  175  11:32  Lurker x3  
  179  11:39  Roach x7  
  193  11:50  Zerg Ground Armor Level 1  
  193  11:54  Lurker x2  
  195  11:57  Overseer  
  195  11:58  Overseer  
  195  12:00  Burrow  
  195  12:05  Greater Spire  
  195  12:22  Lurker x2  
  197  12:42  Hydralisk  
  197  12:43  Hydralisk x12  
  187  12:54  Hydralisk x2  
  187  12:57  Hydralisk x2  
  187  12:58  Hydralisk x8  
  187  13:02  Hydralisk x2  
  184  13:11  Hydralisk  
  184  13:12  Hydralisk x3  
  179  13:28  Lurker  
  179  13:29  Hydralisk x2, Lurker x2  
  179  13:33  Zerg Flyer Weapons Level 1  
  186  13:35  Overseer  
  186  13:37  Lurker x2  
  186  13:38  Hatchery  
  186  13:41  Hydralisk x2  
  187  13:43  Roach  
  187  13:48  Roach x2  
  197  13:51  Unknown  
  195  14:15  Evolution Chamber  
  195  14:16  Evolution Chamber  
  191  14:17  Evolution Chamber  
  191  14:19  Hydralisk  
  191  14:20  Hydralisk x4  
  196  15:01  Viper  
  197  15:30  Hydralisk  
Show
View Real Time Build Order
Export as new Build Order

sLivko Zerg 

Build Orders: Hatch First, Brood Lord Corruptor, Lurkers 

Get SALT Encoding   

  12  0:00  Drone  
  13  0:12  Overlord  
  13  0:17  Drone  
  14  0:30  Drone x2  
  14  0:35  Drone  
  17  0:52  Hatchery  
  17  0:55  Drone  
  17  0:57  Drone  
  18  1:09  Extractor  
  17  1:12  Spawning Pool  
  17  1:16  Drone  
  17  1:19  Drone  
  18  1:27  Drone  
  19  1:38  Overlord  
  19  1:49  Drone  
  20  1:59  Queen  
  20  2:00  Drone  
  23  2:03  Queen  
  23  2:04  Zergling x2  
  26  2:08  Metabolic Boost  
  26  2:10  Drone  
  26  2:15  Drone  
  28  2:22  Drone  
  29  2:25  Drone  
  29  2:28  Baneling Nest  
  29  2:34  Queen  
  29  2:36  Drone  
  32  2:37  Drone  
  32  2:43  Overlord  
  33  2:48  Zergling x2  
  34  2:53  Zergling x2  
  34  2:58  Drone  
  36  3:06  Overlord  
  36  3:08  Drone x2  
  36  3:09  Drone x2  
  36  3:11  Drone  
  36  3:12  Drone  
  42  3:14  Drone  
  43  3:27  Baneling x2, Hatchery  
  43  3:30  Drone  
  43  3:32  Drone  
  44  3:36  Overlord  
  44  3:37  Zergling x2  
  45  3:43  Extractor  
  45  3:45  Evolution Chamber  
  43  3:50  Drone x5  
  43  3:51  Drone  
  43  3:53  Drone  
  50  3:58  Roach Warren  
  50  4:00  Drone  
  50  4:03  Overlord  
  50  4:05  Drone  
  51  4:10  Zerg Missile Weapons Level 1  
  49  4:20  Drone x6  
  54  4:25  Overlord  
  54  4:30  Drone x2  
  56  4:31  Drone  
  56  4:32  Lair  
  56  4:37  Drone  
  58  4:38  Drone  
  58  4:39  Extractor  
  58  4:42  Roach  
  58  4:44  Zergling x4  
  58  4:45  Zergling x2  
  63  4:49  Roach  
  63  4:52  Roach  
  66  4:56  Roach  
  66  4:57  Roach  
  70  5:00  Overlord  
  70  5:04  Zergling x6  
  70  5:11  Roach x2  
  70  5:12  Roach  
  75  5:19  Queen  
  75  5:21  Drone x4, Extractor  
  80  5:24  Drone  
  80  5:25  Drone  
  80  5:26  Drone  
  80  5:28  Drone  
  84  5:29  Extractor  
  84  5:31  Glial Reconstitution, Extractor  
  82  5:38  Drone  
  82  5:39  Hydralisk Den  
  82  5:40  Drone x3  
  85  5:44  Drone  
  86  5:52  Drone  
  86  5:53  Drone  
  86  5:55  Drone  
  89  5:58  Hatchery  
  89  6:04  Drone x2  
  90  6:05  Overlord x2  
  90  6:06  Overlord  
  90  6:10  Zerg Missile Weapons Level 2  
  88  6:14  Lurker Den  
  88  6:18  Drone x3  
  90  6:20  Overlord  
  90  6:21  Overseer  
  90  6:25  Hydralisk  
  90  6:27  Roach  
  90  6:28  Roach  
  90  6:29  Roach  
  90  6:31  Roach  
  100  6:35  Hydralisk  
  100  6:37  Pneumatized Carapace  
  100  6:38  Hydralisk  
  104  6:41  Overseer  
  104  6:42  Hydralisk  
  104  6:45  Hydralisk  
  108  6:48  Overlord  
  108  6:50  Overlord  
  108  6:53  Hydralisk  
  110  6:59  Drone  
  110  7:00  Drone  
  112  7:03  Roach x5  
  112  7:06  Overlord  
  112  7:08  Overlord  
  122  7:10  Roach  
  122  7:12  Roach  
  122  7:14  Unknown  
  122  7:15  Roach x2  
  130  7:23  Roach  
  130  7:25  Overseer  
  130  7:28  Roach x4  
  130  7:29  Roach  
  136  7:31  Roach x2  
  136  7:32  Roach  
  136  7:34  Roach  
  142  7:38  Hydralisk x2  
  142  7:42  Overlord  
  146  7:45  Hydralisk x2  
  146  7:47  Hydralisk  
  146  7:49  Hydralisk  
  154  7:53  Overlord  
  154  8:02  Spine Crawler  
  154  8:03  Spine Crawler  
  154  8:04  Spine Crawler  
  154  8:05  Queen  
  151  8:06  Drone x2  
  151  8:07  Drone  
  151  8:08  Drone  
  151  8:10  Drone  
  151  8:11  Drone  
  160  8:12  Drone  
  160  8:14  Drone  
  160  8:15  Drone  
  160  8:16  Drone  
  160  8:17  Drone  
  160  8:19  Drone  
  165  8:20  Drone  
  165  8:25  Drone  
  165  8:26  Zerg Ground Armor Level 1  
  167  8:28  Drone x2  
  167  8:30  Drone  
  167  8:33  Spine Crawler  
  169  8:38  Overlord  
  169  8:39  Hydralisk  
  169  8:40  Hydralisk  
  173  8:48  Overlord  
  173  8:49  Extractor  
  173  8:51  Lurker x2  
  173  8:52  Lurker x2  
  173  8:53  Overlord x2  
  173  8:54  Extractor  
  175  8:57  Muscular Augments  
  175  8:58  Infestation Pit  
  172  9:10  Roach Warren  
  172  9:11  Tunneling Claws  
  171  9:25  Queen  
  171  9:26  Overlord  
  171  9:39  Lurker x4  
  171  9:40  Infestor x3, Hive  
  171  9:42  Hydralisk x7  
  171  9:43  Hydralisk  
  197  9:46  Overlord  
  197  9:49  Evolution Chamber  
  196  9:54  Overlord  
  196  9:57  Overlord  
  196  10:06  Overlord  
  196  10:13  Hydralisk x2  
  188  10:17  Lurker x2  
  188  10:18  Lurker  
  191  10:22  Zerg Ground Armor Level 2  
  191  10:25  Spire  
  186  10:34  Hydralisk x6  
  190  10:36  Overlord  
  190  10:46  Zerg Melee Weapons Level 1  
  190  10:48  Spine Crawler  
  189  10:51  Unknown  
  189  10:52  Unknown  
  189  10:59  Viper x2  
  152  11:21  Hydralisk  
  152  11:22  Hydralisk x9  
  152  11:25  Roach x3  
  164  11:26  Roach  
  164  11:29  Overlord  
  164  11:32  Queen  
  166  11:35  Hydralisk  
  166  11:36  Hydralisk  
  166  11:39  Infestor  
  174  11:41  Roach x2  
  174  11:42  Roach x2  
  174  11:43  Roach  
  174  11:44  Roach  
  186  11:51  Greater Spire  
  186  11:56  Burrow  
  186  12:06  Hatchery  
  185  12:26  Corruptor x2  
  185  12:28  Corruptor x3  
  174  12:47  Overseer  
  95  13:23  Brood Lord x4  
  95  13:24  Drone x2  
  95  13:25  Drone x16  
  95  13:26  Queen  
  123  13:27  Corruptor  
  123  13:28  Corruptor x3, Hatchery  
  123  13:31  Overseer, Corruptor  
  123  13:32  Corruptor x2  
  136  13:51  Extractor  
  136  13:53  Extractor  
  115  14:14  Brood Lord x4  
  115  14:17  Roach x5  
  125  14:22  Overlord  
  133  14:29  Roach x8  
  149  14:31  Unknown x3  
  149  14:41  Brood Lord  
  149  14:42  Roach  
  155  14:46  Overseer  
  153  14:54  Hatchery  
  152  15:04  Overlord  
  152  15:14  Infestor  
  152  15:15  Drone  
  155  15:21  Extractor  
Tags
 
Add a new tag
Caveats
  • Supply blocks, unpowered buildings, or Contaminate may cause inaccurate times.
  • Supply counts are checked every 10 seconds.